 Dungeon Crawl Stone Soup version 0.29-a0-577-gafbf2c5d25 (webtiles) character file.

Game seed: 18378253160464576981

50022 frogsbabysitter the Severer (level 14, -4/133 HPs)
             Began as a Minotaur Fighter on June 13, 2022.
             Was the Champion of Ru.
             Slain by a death yak (24 damage)
             ... on level 10 of the Dungeon.
             The game lasted 01:18:40 (25145 turns).

frogsbabysitter the Severer (Minotaur Fighter)     Turns: 25145, Time: 01:18:41

Health: -4/133     AC:  4    Str: 23    XL:     14   Next: 18%
Magic:  9/13       EV: 24    Int:  7    God:    Ru [******]
Gold:   1075       SH:  0    Dex: 17    Spells: 13/13 levels left

rFire   . . .      SeeInvis .   d - +6 triple sword of Vippuvu {flame, Fragile +Blink Int+2 Dex+6}
rCold   + . .      Faith    .   (shield currently unavailable)
rNeg    . . .      Spirit   .   L - +4 robe of the Butterfly {rCorr Stlth+}
rPois   .          Reflect  .   (helmet restricted)
rElec   .          Harm     .   F - +0 cloak
rCorr   +          Rampage  .   a - +0 pair of gloves
Will    +....                   l - +0 pair of boots
Stlth   +++.......              (no amulet)
HPRegen 0.32/turn               o - ring of protection from cold
MPRegen 0.13/turn               w - +4 ring of evasion

@: exhausted, unable to read
A: horns 2, weak 1, inability to read while threatened, hated by all, inability
to train armour, reduced AC 1, retaliatory headbutt
a: Renounce Religion, Evoke Blink, Draw Out Power, Power Leap, Apocalypse


You were on level 10 of the Dungeon.
You worshipped Ru.
Ru was exalted by your worship.
You visited 4 branches of the dungeon, and saw 18 of its levels.
You also visited: Bailey.

You collected 1119 gold pieces.
You spent 44 gold pieces at shops.

Inventory:

Hand Weapons
 d - the +6 triple sword of Vippuvu (weapon) {flame, Fragile +Blink Int+2 Dex+6}
   (You found it in a bailey)

   It burns those it strikes, dealing additional fire damage.
   Big, fiery blades are also staple armaments of hydra-hunters.
   Int:       It affects your intelligence (+2).
   Dex:       It affects your dexterity (+6).
   +Blink:    It lets you blink.
   Fragile:   It will be destroyed if unequipped.
 R - a +2 vampiric hand axe
Missiles
 g - 11 poisoned darts (quivered)
 H - 5 javelins
 T - 10 boomerangs
Armour
 a - a +0 pair of gloves (worn)
 l - a +0 pair of boots (worn)
 F - a +0 cloak (worn)
 L - the +4 robe of the Butterfly (worn) {rCorr Stlth+}
   (You found it on level 7 of the Dungeon)

   rCorr:     It protects you from acid and corrosion.
   Stlth:     It makes you more stealthy.
Jewellery
 b - a ring of flight
 o - a ring of protection from cold (left hand)
 w - a +4 ring of evasion (right hand)
 U - a ring of poison resistance
Wands
 c - a wand of iceblast (4)
 G - a wand of charming (7)
 M - a wand of flame (51)
 X - a wand of paralysis (14)
 Z - a wand of polymorph (5)
Scrolls
 j - 6 scrolls of fear
 k - 4 scrolls of poison
 r - 7 scrolls of teleportation
 u - 4 scrolls of enchant weapon
 v - 5 scrolls of magic mapping
 y - 2 scrolls of identify
 z - a scroll of torment {unknown}
 B - 5 scrolls of immolation
 D - 3 scrolls of vulnerability {unknown}
 I - a scroll of silence {unknown}
 K - a scroll of blinking {unknown}
 N - a scroll of amnesia {unknown}
 O - 3 scrolls of brand weapon {unknown}
 P - 4 scrolls of fog {unknown}
 V - 2 scrolls of noise {unknown}
 W - 2 scrolls of summoning {unknown}
 Y - 3 scrolls of enchant armour
Potions
 e - 2 potions of magic
 f - a potion of might
 h - 2 potions of lignification {unknown}
 i - 2 potions of haste {unknown}
 m - 7 potions of curing
 n - 4 potions of flight
 p - 2 potions of resistance {unknown}
 q - 8 potions of heal wounds
 s - 5 potions of attraction
 t - 2 potions of degeneration {unknown}
 x - 5 potions of mutation
 A - a potion of invisibility
 C - 7 potions of brilliance
 J - 3 potions of ambrosia {unknown}
 Q - 2 potions of berserk rage {unknown}
Miscellaneous
 E - a lightning rod (4/4)


   Skills:
 - Level 14.4 Fighting
 + Level 14.5 Long Blades
 - Level 16.0 Axes
 * Level 13.8 Dodging
 - Level 4.0 Shields


You had 13 spell levels left.
You didn't know any spells.
Your spell library contained the following spells:

 Spells                   Type           Power      Damage    Failure   Level
 Apportation              Tloc           0%         N/A       43%         1
 Foxfire                  Conj/Fire      0%         2x1d4     43%         1
 Necrotize                Necr           0%         1d4       43%         1
 Conjure Flame            Conj/Fire      0%         6-21      80%         3
 Inner Flame              Hex/Fire       0%         N/A       80%         3
 Portal Projectile        Hex/Tloc       0%         N/A       80%         3
 Airstrike                Air            0%         N/A       99%         4
 Flame Wave               Conj/Fire      0%         2d4       99%         4
 Blade Hands              Tmut           0%         N/A       100%        5
 Lightning Bolt           Conj/Air       0%         1d11      100%        5
 Borgnjor's Revivificati  Necr           0%         N/A       100%        8
 Necromutation            Tmut/Necr      0%         N/A       100%        8
 Death's Door             Necr           0%         N/A       100%        9
 Summon Small Mammal      Summ           Unusable   N/A       N/A         1
 Tukima's Dance           Hex            Unusable   N/A       N/A         3
 Summon Lightning Spire   Summ/Air       Unusable   N/A       N/A         4

Dungeon Overview and Level Annotations

Branches:
Dungeon (10/15)            Temple (1/1) D:5            Lair (6/6) D:10
  Swamp (0/4) Lair:3        Snake (0/4) Lair:2        Slime (0/5) Lair:6
    Orc (1/2) D:9          Bailey (visited)

Altars:
Ashenzari
Cheibriados
Dithmenos
Elyvilon
Fedhas
Gozag
Hepliaklqana
Kikubaaqudgha
Makhleb
Nemelex Xobeh
Okawaru
Qazlal
Ru
Sif Muna
Trog
Uskayaw
Vehumet
Wu Jian
Xom
Yredelemnul
Zin
The Shining One
Jiyva

Shops:
D:4 (   D:7 =

Annotations:
Lair:2 3 runed translucent doors, Gastronok; ptdevnull's ghost, adept KoBr
Lair:5 3 runed translucent doors, Esyluf's ghost, journeyman GnCA
Lair:6 2 runed translucent doors


Innate Abilities, Weirdness & Mutations

You have a pair of horns on your head.
You are weak. (Str -2)
You sometimes lose the ability to read scrolls when taking damage.
You are hated by all.
You cannot train Armour skill.
You take slightly more damage. (AC -5)
You reflexively headbutt those who attack you in melee.


Message History

You feel threatened and lose the ability to read scrolls!
Unknown command.
You slash the basilisk! You burn the basilisk.
The basilisk is heavily wounded.
The basilisk completely misses you. The death yak closely misses you.
The yak misses you. You furiously retaliate!
You headbutt the yak!
You kill the yak!
Your life force feels restored.
You cut the basilisk into ribbons!!! You burn the basilisk!
You kill the basilisk!
The death yak completely misses you. You furiously retaliate!
You headbutt the death yak! You slice the death yak!! You burn the death yak.
You kill the death yak!
The death yak misses you. The yak gores you.
You slice the death yak!! You burn the death yak.
The death yak is heavily wounded.
The death yak gores you! The yak gores you but does no damage.
You hit the death yak but do no damage. Your headbutt misses the death yak.
The death yak is heavily wounded.
The death yak gores you! The yak completely misses you. x2
You furiously retaliate!
You headbutt the yak! You slash the death yak! You burn the death yak.
You headbutt the death yak.
The death yak is severely wounded.
The death yak gores you!!
* * * LOW HITPOINT WARNING * * *
The yak completely misses you. You furiously retaliate!
You headbutt the yak! The yak misses you. You furiously retaliate!
You headbutt the yak! You hit the death yak but do no damage.
Your headbutt misses the death yak.
The death yak is severely wounded.
The death yak gores you!!
* * * LOW HITPOINT WARNING * * *
The yak closely misses you. The yak barely misses you. You furiously retaliate!
You headbutt the yak!
You kill the yak!
You hit the death yak but do no damage.
You headbutt the death yak, but do no damage.
The death yak is severely wounded.
The death yak gores you!!
You die...

##...............# ###.....#
.....##..........# #..Y..(.#
.#.####.#........###.#..<..#
..................#..#.....#
##.####.#.......>......#####
....# #.#.............[#
##..###.#..............#
##.........)....Y>.....#
......#.###(###.@Y######
...#......#.##...†....#
...#.....§.........$..#
...###..§.............##
...#....§≈≈≈≈≈≈≈.......#
.......).≈§≈§≈≈≈.......#
.........≈≈............#######
........§≈§..................##
.........≈≈..♣♣♣♣...........>.##


You could see a death yak and a yak.

Vanquished Creatures
  Rupert (Lair:5)
  3 hydras
  8 death yaks
  A two-headed ogre (D:6)
  Nergalle (Lair:2)
  A fire crab (Lair:6)
  2 bog bodies (Lair:3)
  An orc knight (Bailey)
  A lindwurm (Lair:6)
  A cyclops (D:10)
  14 elephants
  9 black mambas
  2 torpor snails
  A gargoyle (D:10)
  13 cane toads
  3 molten gargoyles (Lair:6)
  9 rime drakes
  An unseen horror (D:10)
  8 komodo dragons
  6 polar bears
  4 trolls
  3 dream sheep (Lair:6)
  2 hornets
  A shadow (D:9)
  3 wyverns
  4 hogs (Lair:5)
  5 steam dragons
  39 yaks
  9 basilisks
  4 hell hounds (Lair:6)
  20 water moccasins
  3 ice beasts
  12 orc warriors
  2 black bears
  3 ogres
  6 centaurs
  2 phantoms
  15 bullfrogs
  A necrophage (D:5)
  5 scorpions
  12 wights
  5 killer bees (D:8)
  An electric eel (Lair:2)
  7 howler monkeys
  5 lava snakes (Lair:6)
  A centaur zombie (D:5)
  A bullfrog zombie (D:5)
  3 hounds
  3 orc priests
  Terence (D:2)
  3 iguanas
  9 orc wizards
  6 gnolls (D:5)
  4 adders
  2 river rats (D:4)
  A white imp (D:7)
  2 ufetubi (D:7)
  A dart slug (D:2)
  41 orcs
  6 ball pythons
  7 endoplasms
  5 giant cockroaches
  5 goblins
  5 hobgoblins
  5 quokkas
  7 bats
  6 frilled lizards
  7 kobolds
  4 rats
394 creatures vanquished.

Vanquished Creatures (others)
  A boulder beetle (Lair:6)
  A hydra (Lair:6)
  3 komodo dragons (Lair:6)
  2 yaks
  A scorpion (D:7)
  A howler monkey (D:7)
  31 fungi
  31 plants
71 creatures vanquished.

Grand Total: 465 creatures vanquished

Notes
Turn   | Place    | Note
-------+----------+-------------------------------------------
     0 | D:1      | frogsbabysitter the Minotaur Fighter began the quest for
                  | the Orb.
     0 | D:1      | Reached XP level 1. HP: 19/19 MP: 0/0
   174 | D:1      | Reached XP level 2. HP: 27/27 MP: 1/1
   753 | D:2      | Reached skill level 3 in Axes
   753 | D:2      | Reached XP level 3. HP: 33/33 MP: 2/2
   774 | D:2      | Noticed Terence
   789 | D:2      | Killed Terence
   872 | D:2      | Reached XP level 4. HP: 41/41 MP: 3/3
  1145 | D:2      | Reached skill level 4 in Axes
  1557 | D:3      | Reached XP level 5. HP: 47/47 MP: 4/4
  1971 | D:3      | Found a faded altar of an unknown god.
  2302 | D:4      | Reached skill level 5 in Fighting
  2302 | D:4      | Reached skill level 5 in Axes
  2546 | D:4      | Noticed a phantom
  2565 | D:5      | Entered Level 5 of the Dungeon
  2565 | D:5      | Found a sparkling altar of Nemelex Xobeh.
  2695 | D:5      | Reached skill level 6 in Axes
  2695 | D:5      | Reached XP level 6. HP: 56/56 MP: 5/5
  2746 | D:5      | Noticed a troll
  2964 | D:4      | Found Cuutur's Weapon Shoppe.
  2972 | D:4      | Bought 5 javelins for 44 gold pieces
  3007 | D:4      | Reached skill level 7 in Axes
  3165 | D:4      | Reached XP level 7. HP: 63/63 MP: 6/6
  3476 | D:5      | Reached skill level 8 in Axes
  3570 | D:5      | Found a staircase to the Ecumenical Temple.
  4226 | Temple   | Entered the Ecumenical Temple
  4331 | Temple   | Became a worshipper of Ru the Awakened
  4382 | D:5      | Reached skill level 9 in Axes
  4384 | D:5      | Reached XP level 8. HP: 73/73 MP: 7/7
  4664 | D:5      | You fall into a shaft and drop 2 floors!
  4731 | D:7      | Reached skill level 10 in Axes
  4798 | D:7      | Identified the +4 robe of the Butterfly {rCorr Stlth+}
  5129 | D:7      | Reached skill level 11 in Axes
  5288 | D:6      | Identified the +0 leather armour of the Bulwark {rElec
                  | rPois}
  5325 | D:6      | Reached XP level 9. HP: 77/82 MP: 8/8
  5462 | D:6      | Noticed a two-headed ogre
  5593 | D:6      | Gained mutation: You cannot train Armour skill. [Ru
                  | sacrifice]
  5593 | D:6      | Reached * piety under Ru
  5853 | D:6      | Reached skill level 12 in Axes
  6194 | D:5      | Found a basalt altar of Yredelemnul.
  6308 | D:6      | Killed a two-headed ogre
  6594 | D:7      | Found Gummeqapp's Jewellery Emporium.
  6602 | D:7      | Found a hazy altar of Hepliaklqana.
  6605 | D:7      | Found a bloodstained altar of Trog.
  6610 | D:7      | Found a blossoming altar of Fedhas.
  6610 | D:7      | Found an ancient bone altar of Kikubaaqudgha.
  6846 | D:7      | Reached skill level 13 in Axes
  6849 | D:7      | Reached skill level 10 in Fighting
  7613 | D:8      | Found a shadowy altar of Dithmenos.
  8159 | D:8      | Reached XP level 10. HP: 84/87 MP: 9/9
  8566 | D:8      | Found a glowing silver altar of Zin.
  8566 | D:8      | Noticed an angel
  8960 | D:8      | Reached skill level 14 in Axes
  9173 | D:9      | Found a staircase to the Orcish Mines.
  9218 | D:9      | Gained mutation: You are hated by all. [Ru sacrifice]
  9218 | D:9      | Reached ** piety under Ru
  9218 | D:9      | Reached *** piety under Ru
  9253 | D:9      | Found a flagged portal.
  9280 | Bailey   | Entered a bailey
  9669 | Bailey   | Noticed an orc knight
  9699 | Bailey   | Killed an orc knight
  9700 | Bailey   | Reached skill level 15 in Axes
  9702 | Bailey   | Identified the +6 triple sword of Vippuvu {flame, Fragile
                  | +Blink Int+2 Dex+6}
 10042 | D:9      | Reached skill level 1 in Long Blades
 10227 | D:9      | Upgraded the game from 0.29-a0-575-g0dc89cf053 to
                  | 0.29-a0-577-gafbf2c5d25
 11227 | D:10     | Entered Level 10 of the Dungeon
 11234 | D:10     | Noticed a gargoyle
 11268 | Orc:1    | Entered Level 1 of the Orcish Mines
 11308 | D:10     | Found an iron altar of Okawaru.
 11331 | D:10     | Reached XP level 11. HP: 104/104 MP: 10/10
 11353 | D:10     | Reached skill level 16 in Axes
 11642 | D:10     | Noticed a death yak
 11642 | D:10     | Noticed a death yak
 11642 | D:10     | Noticed a death yak
 11642 | D:10     | Noticed a death yak
 11642 | D:10     | Noticed a death yak
 11642 | D:10     | Found a staircase to the Lair.
 12002 | D:9      | Gained mutation: You are weak. (Str -2) [Ru sacrifice]
 12002 | D:9      | Reached **** piety under Ru
 12104 | D:10     | Reached skill level 5 in Long Blades
 12376 | D:9      | Killed a death yak
 12435 | D:9      | Killed a death yak
 12743 | Lair:1   | Entered Level 1 of the Lair of Beasts
 13824 | Lair:2   | Found a sacrificial altar of Ru.
 14135 | Lair:2   | Noticed ptdevnull's ghost (adept KoBr)
 14144 | Lair:2   | Noticed a minotaur
 14388 | Lair:2   | Reached XP level 12. HP: 105/118 MP: 11/11
 14611 | Lair:2   | Reached skill level 10 in Long Blades
 14673 | Lair:2   | Gained mutation: You take slightly more damage. (AC -5) [Ru
                  | sacrifice]
 14673 | Lair:2   | Reached ***** piety under Ru
 14729 | Lair:2   | Found a staircase to the Snake Pit.
 14846 | Lair:2   | Reached skill level 1 in Dodging
 14893 | Lair:2   | Found a runed translucent gate.
 14893 | Lair:2   | Found a runed translucent gate.
 14893 | Lair:2   | Found a runed translucent gate.
 14973 | Lair:2   | Noticed Gastronok
 14973 | Lair:2   | Noticed Nergalle
 15087 | Lair:3   | Noticed a four-headed hydra
 15531 | Lair:3   | Found a staircase to the Swamp.
 15549 | Lair:3   | Reached skill level 5 in Dodging
 16312 | Lair:4   | HP: 2/118 [komodo dragon (31)]
 17545 | Lair:5   | Noticed a death yak
 17545 | Lair:5   | Noticed a death yak
 17566 | Lair:4   | Killed a death yak
 17659 | Lair:5   | Noticed a death yak
 17688 | Lair:4   | Gained mutation: You sometimes lose the ability to read
                  | scrolls when taking damage. [Ru sacrifice]
 17688 | Lair:4   | Reached ****** piety under Ru
 18064 | Lair:5   | Reached XP level 13. HP: 39/125 MP: 12/12
 19005 | Lair:5   | Noticed Rupert
 19023 | Lair:5   | Killed Rupert
 19024 | Lair:5   | Reached skill level 10 in Dodging
 19820 | Lair:5   | Noticed Kirke
 19899 | Lair:6   | Entered Level 6 of the Lair of Beasts
 20340 | Lair:6   | Found a staircase to the Slime Pits.
 21559 | Lair:5   | Noticed Kirke
 21559 | Lair:5   | Kirke changed into Kirke the hog
 21561 | Lair:5   | Killed Kirke the hog
 21944 | Lair:5   | Found a runed translucent gate.
 21944 | Lair:5   | Found a runed translucent gate.
 21944 | Lair:5   | Found a runed translucent gate.
 21945 | Lair:5   | Noticed Esyluf's ghost (journeyman GnCA)
 22408 | Lair:6   | Found a large runed translucent door.
 22408 | Lair:6   | Noticed a fire dragon
 22465 | Lair:6   | Found a large runed translucent door.
 23145 | Lair:6   | Reached XP level 14. HP: 46/133 MP: 13/13
 24948 | Lair:2   | Killed Nergalle
 25145 | D:10     | Slain by a death yak

Illustrated notes

Levels and vault maps discovered:
D:1:      mrwooster_arrival_statue, layout_loops_ring
D:2:      layout_loops_ring, kennysheep_generic_room_11, uniq_terence
D:3:      layout_basic, dreamdust_ecumenical_altar_hidden_monk_grotto,
          st_stairs_5
D:4:      layout_loops_ring, portal_sewer_entry_b, serial_shops, shop
D:5:      layout_basic, lemuel_zombie_altar_yredelemnul,
          lemuel_coloured_pillars_altar, minmay_temple_entry_proselytizer
D:6:      layout_rooms
D:7:      layout_cave_pods, minitemple, serial_shops, shop_fountains
D:8:      layout_basic, zin_angel, mainiacjoe_overflow_24_doors,
          due_unseen_surprise
D:9:      wad_cavern_with_rooms, layout_basic, david_orc_2, enter_bailey_6
D:10:     layout_rooms, mainiacjoe_overflow_chevrons, dpeg_lair_monsters,
          chequers_serial_rivers_small_3, serial_park_tiny_1,
          minmay_misc_feat_roman
Temple:   nicolae_temple_god_jail
Lair:1:   layout_chaotic_city, chequers_serial_rivers_large_a,
          columned_hall_lemuel, cheibrodos_lair_lostbears
Lair:2:   layout_chaotic_city, minmay_snake_entry_six_corridors, basic_altar,
          maelrawn_ghost_gauntlet_escape, minivault_19,
          amcnicky_mini_pool_medium, lemuel_fruit_tree,
          infiniplex_staircase_pool, uniq_gastronok, uniq_nergalle
Lair:3:   layout_cave_pods, skrybe_swamp_entry_bodies,
          nicolae_lair_liquid_snakes, grunt_megastairs_2
Lair:4:   layout_hall_layers
Lair:5:   layout_hall_layers, gammafunk_ghost_necromancy, uniq_rupert,
          uniq_kirke
Lair:6:   cheibrodos_lair_end_hotspot, layout_regular_city,
          dpeg_slime_entry_enclosed_altar
Orc:1:    layout_caves, basic_altar

Skill      XL: |  1  2  3  4  5  6  7  8  9 10 11 12 13 |
---------------+----------------------------------------+-----
Fighting       | 4 5 6 7 8 10 12 14 | 14.4
Armour         | 4 0 |  0.0
Shields        | 4 |  4.0
Axes           | 3 4 6 7 9 11 13 15 16 | 16.0
Long Blades    | 3 9 12 14 | 14.5
Dodging        | 8 13 | 13.8

Action                   |  1- 3 |  4- 6 |  7- 9 | 10-12 | 13-15 || total
-------------------------+-------+-------+-------+-------+-------++-------
Melee: War axe           |    38 |   101 |   148 |       |       ||   287
       Headbutt          |     7 |     9 |    51 |   159 |    66 ||   292
       Hand axe          |       |       |   100 |   538 |       ||   638
       Triple sword      |       |       |       |   187 |   256 ||   443
Throw: Dart              |     3 |    10 |    18 |    24 |     9 ||    64
Invok: Sacrifice Durabil |       |       |     1 |       |       ||     1
       Draw Out Power    |       |       |       |     3 |     1 ||     4
       Sacrifice Love    |       |       |       |     1 |       ||     1
       Sacrifice Purity  |       |       |       |     1 |       ||     1
       Power Leap        |       |       |       |     1 |     5 ||     6
       Sacrifice Words   |       |       |       |     1 |       ||     1
       Sacrifice Health  |       |       |       |     1 |       ||     1
       Apocalypse        |       |       |       |       |     2 ||     2
Evoke: Wand              |       |       |       |     2 |       ||     2
  Use: Scroll            |       |     5 |     1 |     9 |       ||    15
       Potion            |       |       |       |     4 |     1 ||     5
 Stab: Paralysed         |       |       |       |     6 |     7 ||    13
       Sleeping          |       |       |       |    10 |     1 ||    11
       Distracted        |       |       |       |     5 |     1 ||     6
       Invisible         |       |       |       |     3 |     3 ||     6
Armor: Scale mail        |    26 |    26 |       |       |       ||    52
       Leather armour    |       |     9 |    29 |       |       ||    38
       Robe              |       |       |    31 |   113 |    18 ||   162
Dodge: Dodged            |    29 |    43 |   175 |   395 |   243 ||   885
Block: Buckler           |     7 |    19 |    61 |    84 |       ||   171

Table legend: (Time is in decaauts)
 A = Elapsed time spent in this place.
 B = Non-inter-level travel time spent in this place.
 C = Inter-level travel time spent in this place.
 D = Time resting spent in this place.
 E = Time spent auto-exploring this place.
 F = Levels seen in this place.
 G = Mean time per level.
                   A        B        C        D        E       F      G
               +--------+--------+--------+--------+--------+-----+--------+
         Total |  25177 |  23792 |   1385 |   6732 |   9170 |  19 | 1325.1 |
       Dungeon |  12147 |  11260 |    887 |   1531 |   5933 |  10 | 1214.7 |
        Temple |    118 |    106 |     12 |      0 |     28 |   1 |  118.0 |
          Lair |  12330 |  11844 |    486 |   4961 |   3202 |   6 | 2055.0 |
  Orcish Mines |      1 |      1 |      0 |      0 |      0 |   1 |    1.0 |
        Bailey |    579 |    579 |      0 |    240 |      6 |   1 |  579.0 |
               +--------+--------+--------+--------+--------+-----+--------+

Top non-repeatable levels by time:
  Lair:6: 3388 daAuts
  Lair:5: 2882 daAuts
     D:9: 2414 daAuts
  Lair:4: 2173 daAuts
     D:7: 1613 daAuts
     D:5: 1606 daAuts
  Lair:2: 1445 daAuts
     D:8: 1351 daAuts
  Lair:3: 1264 daAuts
     D:4: 1253 daAuts
  Lair:1: 1176 daAuts
    D:10: 847 daAuts
     D:3: 825 daAuts
     D:6: 819 daAuts
     D:2: 736 daAuts
